 Dungeon Crawl Stone Soup version 0.32-a0-818-gb728d0252e (webtiles) character file.

Game seed: 11942868419420231737

2795 greenreed the Skirmisher (level 9, 0/69 HPs)
             Began as a Coglin Hunter on Mar 24, 2024.
             Was an Initiate of Gozag.
             Slain by a steam dragon (5 damage)
             ... on level 7 of the Dungeon.
             The game lasted 00:11:52 (7960 turns).

greenreed the Skirmisher (Coglin Hunter)            Turns: 7960, Time: 00:11:53

Health: 0/69       AC:  5    Str: 11    XL:     9   Next: 71%
Magic:  9/9        EV: 14    Int:  8    God:    Gozag
Gold:   929        SH:  0    Dex: 23    Spells: 8/8 levels left

rFire   . . .        a - +2 sling {Nakurtum}
rCold   . . .        d - +0 sling {Dalbir}
rNeg    . . .        c - +0 leather armour
rPois   .            C - +0 helmet
rElec   .            x - +0 cloak
rCorr   .            (no gloves)
SInv    .            (no boots)
Will    .....        (amulet unavailable)
Stlth   +++          (ring unavailable)
HPRegen 0.31/turn    (ring unavailable)
MPRegen 0.11/turn    (no gizmo)

%: no passive effects
@: revved
A: off-hand wielding, slow wielding, warmup strikes, no jewellery
a: Invent Gizmo, Renounce Religion, Potion Petition, Call Merchant, Bribe Branch


You were on level 7 of the Dungeon.
You worshipped Gozag.
Gozag was pleased with you.
You visited 2 branches of the dungeon, and saw 9 of its levels.
You also visited: Sewer.

You collected 1076 gold pieces.
You spent 49 gold pieces at shops.
You paid 98 gold pieces to Gozag.

Inventory:

Hand Weapons
 a - a +2 sling (weapon) {Nakurtum}
 d - a +0 sling (offhand) {Dalbir}
Armour
 c - a +0 leather armour (worn)
 x - a +0 cloak (worn)
 C - a +0 helmet (worn)
Scrolls
 b - 3 scrolls of butterflies
 f - a scroll of fog {unknown}
 g - 2 scrolls of enchant weapon {unknown}
 h - 4 scrolls of noise
 i - 2 scrolls of amnesia {unknown}
 k - 3 scrolls of teleportation
 l - 6 scrolls of fear {unknown}
 m - 7 scrolls of identify {unknown}
 n - a scroll of acquirement {unknown}
 s - a scroll of poison {unknown}
 v - 3 scrolls of vulnerability {unknown}
 w - a scroll of enchant armour {unknown}
 y - a scroll of blinking {unknown}
Potions
 e - 2 potions of mutation {unknown}
 j - a potion of heal wounds {unknown}
 o - a potion of might {unknown}
 p - a potion of berserk rage {unknown}
 q - 2 potions of resistance {unknown}
 r - 7 potions of enlightenment
 t - 2 potions of brilliance {unknown}
 u - 3 potions of curing {unknown}
 z - a potion of invisibility {unknown}
 A - a potion of magic {unknown}
 B - 2 potions of lignification {unknown}


   Skills:
 + Level 6.0 Fighting
 * Level 8.5 Ranged Weapons
 + Level 5.6 Dodging
 + Level 5.2 Stealth


You had 8 spell levels left.
You didn't know any spells.
Your spell library contained the following spells:

 Spells                   Type           Power      Damage    Failure   Level
 Blink                    Tloc           0%         N/A       65%         2
 Lesser Beckoning         Tloc           0%         N/A       65%         2
 Mercury Vapours          Alch/Air       0%         N/A       65%         2
 Momentum Strike          Conj/Tloc      0%         3d8       65%         2
 Mephitic Cloud           Conj/Alch/Air  0%         N/A       86%         3
 Stone Arrow              Conj/Erth      0%         3d7       86%         3
 Animate Armour           Summ/Erth      0%         N/A       99%         4
 Summon Lightning Spire   Summ/Air       0%         N/A       99%         4
 Freezing Cloud           Conj/Ice/Air   0%         6-21      100%        5
 Lehudib's Crystal Spear  Conj/Erth      0%         10d2      100%        8


Dungeon Overview and Level Annotations

Branches:
Dungeon (8/15)             Temple (1/1) D:4           Sewer (visited)
   Lair: D:8-11

Altars:
Ashenzari
Elyvilon
Fedhas
Gozag
Hepliaklqana
Nemelex Xobeh
Okawaru
Qazlal
Sif Muna
Trog
Vehumet
Wu Jian
Xom
Yredelemnul
Zin
The Shining One

Shops:
D:2 *!*[?

Annotations:
D:8 Pikel, Psyche


Innate Abilities, Weirdness & Mutations

You can wield a second weapon in your off-hand.
It takes a long time for you to wield or remove held weapons.
Your first few attacks do less damage.
You cannot equip rings or amulets.


Message History

The steam dragon is heavily wounded.
You shoot a sling bullet.
The sling bullet closely misses the steam dragon.
You are engulfed in a cloud of scalding steam.
* * * LOW HITPOINT WARNING * * *
The steam dragon barely misses you. The steam dragon claws you.
* * * LOW HITPOINT WARNING * * *
You shoot a sling bullet.
The sling bullet closely misses the steam dragon.
You shoot a sling bullet.
The sling bullet closely misses the steam dragon.
You are engulfed in a cloud of scalding steam.
The steam dragon bites you but does no damage.
The steam dragon misses you.
Unknown command.
You shoot a sling bullet. The sling bullet hits the steam dragon.
The steam dragon is heavily wounded.
You shoot a sling bullet.
The sling bullet barely misses the steam dragon.
You are engulfed in a cloud of scalding steam.
* * * LOW HITPOINT WARNING * * *
The steam dragon breathes steam at you. The ball of steam misses you.
You shoot a sling bullet.
The sling bullet hits the steam dragon but does no damage.
The steam dragon is heavily wounded.
You shoot a sling bullet.
The sling bullet hits the steam dragon but does no damage.
The steam dragon is heavily wounded.
The steam dragon completely misses you. The steam dragon claws you.
* * * LOW HITPOINT WARNING * * *
You shoot a sling bullet. The sling bullet hits the steam dragon.
The steam dragon is heavily wounded.
You shoot a sling bullet. The sling bullet hits the steam dragon!
The steam dragon is almost dead.
The steam dragon bites you.
* * * LOW HITPOINT WARNING * * *
The steam dragon claws you.
You die...
Your body crumbles into a pile of gold.

# ###......................#.#
####................##......#.#
.....#.######...##..##......#.#
#####...## #..###..##.##.###.#
####.....## #.####..##.##.# #.#
..#.......###...........#.# #.#
#.#.....<...#.........<.#.# #.#
#.#.......#.#.####..###.#.###.#
..........#.#.##@..........##.#
..##.....##.#.##D#............#
####..#.....#.##....####...####
.....#.#..#.#.##.#### #...##
###..###..#.#.##.# #.### # #..#
#..#.#....### #.# #
#..###..#.##.....# #.#
###.........##.....####(#
..........(.......)))..(# ##


You could see a steam dragon (catching breath).

Vanquished Creatures
  Duvessa (D:4)
  A black bear (D:6)
  An ogre (D:5)
  3 ice beasts
  A sky beast (D:7)
  2 phantoms
  Blork the orc (D:5)
  4 bullfrogs
  A brain worm (Sewer)
  7 wights
  Dowan (D:4)
  7 killer bees (D:7)
  A howler monkey (D:5)
  2 jellies (D:6)
  4 bombardier beetles
  4 hounds
  6 orc priests
  4 orc wizards
  15 adders
  A river rat (Sewer)
  A shadow imp (D:6)
  2 white imps
  2 ufetubi (D:5)
  3 dart slugs
  A ribbon worm (Sewer)
  20 orcs
  5 ball pythons
  4 endoplasms
  6 giant cockroaches
  6 goblins
  6 hobgoblins
  9 jackals
  4 quokkas
  14 bats
  4 frilled lizards
  3 kobolds
  11 rats
168 creatures vanquished.

Notes
Turn   | Place    | Note
-------+----------+-------------------------------------------
     0 | D:1      | greenreed the Coglin Hunter began the quest for the Orb.
     0 | D:1      | Reached XP level 1. HP: 16/16 MP: 1/1
   124 | D:1      | Reached skill level 1 in Stealth
   125 | D:1      | Reached XP level 2. HP: 22/22 MP: 2/2
   307 | D:1      | Reached skill level 4 in Ranged Weapons
   307 | D:1      | Reached XP level 3. HP: 21/27 MP: 3/3
   714 | D:2      | Found Qodghio's Magic Scroll Emporium.
   717 | D:2      | Bought a scroll of teleportation for 36 gold pieces
   761 | D:2      | Found Nuse's Assorted Antiques.
   798 | D:2      | Found Avoloche's Distillery.
   912 | D:2      | Reached XP level 4. HP: 34/34 MP: 4/4
  1031 | D:2      | Found Xeweis's General Store.
  1035 | D:2      | Bought a scroll of noise for 13 gold pieces
  1083 | D:2      | Found a faded altar of an unknown god.
  1279 | D:2      | Found Mips's Antique Armour Emporium.
  1634 | D:3      | Found a glowing drain.
  1706 | Sewer    | Entered a sewer
  1828 | Sewer    | Reached XP level 5. HP: 39/39 MP: 5/5
  2153 | Sewer    | Reached XP level 6. HP: 47/47 MP: 6/6
  2543 | D:3      | Identified the ring "Vemimnox" {*Corrode rPois rC+ Int+2
                  | Dex+3}
  2636 | D:3      | Reached skill level 5 in Ranged Weapons
  3052 | D:4      | Found a staircase to the Ecumenical Temple.
  3059 | D:4      | Got the Directory of the Nimbus
  3062 | Temple   | Entered the Ecumenical Temple
  3068 | Temple   | Became a worshipper of Gozag Ym Sagoz the Greedy
  3535 | D:4      | Noticed Dowan
  3536 | D:4      | Noticed Duvessa
  3793 | D:4      | Reached XP level 7. HP: 43/52 MP: 7/7
  3797 | D:4      | Killed Duvessa
  3809 | D:4      | Killed Dowan
  4059 | D:5      | Entered Level 5 of the Dungeon
  4100 | D:5      | Noticed Blork the orc
  4107 | D:5      | Killed Blork the orc
  4173 | D:5      | Reached skill level 6 in Ranged Weapons
  4263 | D:5      | Reached XP level 8. HP: 34/60 MP: 8/8
  4835 | D:5      | Found a sparkling altar of Nemelex Xobeh.
  5629 | D:6      | Reached skill level 7 in Ranged Weapons
  5673 | D:6      | Reached skill level 5 in Fighting
  6168 | D:6      | Found a shimmering blue altar of Sif Muna.
  6281 | D:6      | Reached XP level 9. HP: 67/68 MP: 9/9
  6472 | D:7      | Reached skill level 5 in Dodging
  6577 | D:7      | Found a radiant altar of Vehumet.
  6598 | D:7      | Reached skill level 8 in Ranged Weapons
  6933 | D:7      | Identified the staff "Yzepsas" {rF+ Dex+8 Fire}
  7030 | D:7      | Found a broken altar of Ashenzari.
  7046 | D:7      | Reached skill level 5 in Stealth
  7743 | D:8      | Noticed Psyche
  7743 | D:8      | Noticed Pikel
  7772 | D:8      | Noticed a hornet
  7960 | D:7      | Slain by a steam dragon

Illustrated notes

Levels and vault maps discovered:
D:1:      saegor_arrival_under_anarchy, layout_loops_ring,
          roderic_serpentine_path
D:2:      layout_basic, dreamdust_ecumenical_altar_sealed_demon, serial_shops,
          shop, shop, shop, nicolae_shop_stone, shop
D:3:      layout_loops_ring, gup_sewer_entry_glass
D:4:      layout_gridville, minmay_temple_entry_offerings,
          minmay_misc_feat_encased, uniq_duvessa
D:5:      layout_loops_corners, nemelex_diamond_rough_becter, uniq_blork_the_orc
D:6:      minmay_inner_zag, layout_loops_ring, nicolae_sif_muna_little_library
D:7:      layout_loops_ring, kennysheep_little_box, cheibrodos_ashenzari_chains
D:8:      lemuel_castle_with_subvaults [lemuel_castle_interior_carwin_2],
          layout_rooms, kennysheep_mini_moat, erik_lair_island, uniq_pikel,
          uniq_jeremiah, uniq_psyche
Temple:   hellmonk_temple_two_chambers

Skill      XL: |  1  2  3  4  5  6  7  8  9 |
---------------+----------------------------+-----
Stealth        | 1 2 3 4 5 |  5.2
Dodging        | 2 3 4 5 |  5.6
Ranged Weapons | 4 5 6 7 8 |  8.5
Fighting       | 3 4 5 6 |  6.0

Action                     |  1- 3 |  4- 6 |  7- 9 || total
---------------------------+-------+-------+-------++-------
   Fire: Sling             |   116 |   312 |   634 ||  1062
    Use: Scroll            |       |     1 |       ||     1
 Armour: Leather armour    |     3 |    35 |   123 ||   161
  Dodge: Dodged            |     6 |    24 |   100 ||   130

Table legend: (Time is in decaauts)
 A = Elapsed time spent in this place.
 B = Non-inter-level travel time spent in this place.
 C = Inter-level travel time spent in this place.
 D = Time resting spent in this place.
 E = Time spent auto-exploring this place.
 F = Levels seen in this place.
 G = Mean time per level.
                   A        B        C        D        E       F      G
               +--------+--------+--------+--------+--------+-----+--------+
         Total |   8226 |   7970 |    256 |    593 |   6262 |  10 |  822.6 |
       Dungeon |   7356 |   7105 |    251 |    487 |   5656 |   8 |  919.5 |
        Temple |     12 |      7 |      5 |      0 |      0 |   1 |   12.0 |
         Sewer |    857 |    857 |      0 |    106 |    606 |   1 |  857.0 |
               +--------+--------+--------+--------+--------+-----+--------+

Top non-repeatable levels by time:
     D:7: 1487 daAuts
     D:5: 1339 daAuts
     D:4: 1218 daAuts
     D:6: 1069 daAuts
   Sewer: 857 daAuts
     D:2: 773 daAuts
     D:1: 724 daAuts
     D:3: 711 daAuts
     D:8: 31 daAuts
  Temple: 12 daAuts
